 Dungeon Crawl Stone Soup version 0.17.2-1-ge4368a0 (webtiles) character file.

494 Goblin1989 the Cutter (level 7, -5/44 HPs)
             Began as a Kobold Berserker on Sept 18, 2019.
             Was a Believer of Trog.
             Slain by a centaur (6 damage)
             ... on level 6 of the Dungeon on Sept 20, 2019.
             The game lasted 00:15:18 (4787 turns).

Goblin1989 the Cutter (Kobold Berserker)            Turns: 4787, Time: 00:15:18

Health: -5/44      AC:  3    Str: 16    XL:     7   Next: 38%
Magic:  7/7        EV: 17    Int:  5    God:    Trog [**....]
Gold:   74         SH:  0    Dex: 17    Spells: 0 memorised, 6 levels left

rFire  . . .     SeeInvis .     a - +0 short sword
rCold  . . .     Clarity  .     t - +0 robe {MR+}
rNeg   . . .     SustAt   .     (shield restricted)
rPois  .         Gourm    .     k - +0 hat
rElec  .         Spirit   .     q - +0 cloak
rCorr  .         Warding  .     (no gloves)
rMut   .         Stasis   .     (no boots)
MR     +....                    (no amulet)
Stlth  +++.......               (no ring)
                                (no ring)

@: very slightly contaminated, somewhat resistant to hostile enchantments,
fairly stealthy
A: carnivore 3
a: Berserk, Trog's Hand, Burn Spellbooks, Renounce Religion


You were on level 6 of the Dungeon.
You worshipped Trog.
Trog was pleased with you.
You were completely stuffed.

You visited 1 branch of the dungeon, and saw 6 of its levels.

You collected 224 gold pieces.
You spent 150 gold pieces at shops.

Inventory:

Hand Weapons
 a - a +0 short sword (weapon)
Armour
 k - a +0 hat (worn)
 q - a +0 cloak (worn)
 t - a +0 robe of magic resistance (worn)
Wands
 C - a wand of confusion (35)
Scrolls
 b - a scroll of random uselessness {unknown}
 e - 2 scrolls of fear {unknown}
 g - 4 scrolls of remove curse {unknown}
 l - a scroll of immolation {unknown}
 p - 2 scrolls of enchant armour {unknown}
 r - 2 scrolls of teleportation {unknown}
 u - 4 scrolls of identify {unknown}
 w - a scroll of noise {unknown}
 B - a scroll of blinking
Potions
 d - 2 potions of degeneration
 h - a potion of heal wounds {@q2, !q}
 i - a potion of ambrosia {unknown}
 j - a potion of haste
 m - 3 potions of mutation {unknown}
 n - 2 potions of curing {@q1}
 s - a potion of might {unknown}
 v - a potion of poison
 x - a potion of invisibility {unknown}
Comestibles
 c - 4 meat rations {@e2}
 o - a royal jelly


   Skills:
 + Level 5.1 Fighting
 * Level 7.3 Short Blades
 - Level 1.5 Armour
 + Level 4.3 Dodging
 + Level 4.0 Stealth


You had 6 spell levels left.
You didn't know any spells.

Dungeon Overview and Level Annotations

Branches:
Dungeon (6/15)             Temple (0/1) D:4

Altars:
Trog

Shops:
D:4 *   D:5 [!

Annotations:
D:3 Goblin1989's ghost, amateur KoBe


Innate Abilities, Weirdness & Mutations

You are small and have problems with some larger weapons.
You are carnivorous and can eat meat at any time.


Message History

The orc hits you with a short sword of speed.
* * * LOW HITPOINT WARNING * * *
The centaur unwields a shortbow.
The centaur misses you.
You hit the centaur.
The centaur is lightly wounded.
The centaur hits you.
* * * LOW HITPOINT WARNING * * *
The orc completely misses you.
You take 3 damage, and have 16/44 hp.
You hit the centaur.
The centaur is lightly wounded.
The centaur completely misses you.
Unknown command.
You hit the centaur but do no damage.
The centaur is lightly wounded.
The orc hits you with a short sword of speed.
* * * LOW HITPOINT WARNING * * *
The centaur hits you but does no damage.
You take 4 damage, and have 13/44 hp.
You barely miss the centaur.
The centaur is lightly wounded.
The orc barely misses you. The centaur closely misses you.
You barely miss the centaur.
The centaur is lightly wounded.
The orc closely misses you. The centaur hits you.
* * * LOW HITPOINT WARNING * * *
You take 5 damage, and have 9/44 hp.
You hit the centaur.
The centaur is moderately wounded.
The orc completely misses you. The centaur barely misses you.
You completely miss the centaur.
The centaur is moderately wounded.
You feel the effects of Trog's Hand fading.
The centaur hits you!
* * * LOW HITPOINT WARNING * * *
The orc barely misses you.
You take 8 damage, and have 2/44 hp.
Drink which item? (? for menu, Esc to quit)
Really quaff
h - 2 potions of heal wounds {@q2, !q}?
You feel much better. The centaur hits you. The orc completely misses you.
You regained 31 hp, and now have 33/44 hp.
You barely miss the centaur.
The centaur is moderately wounded.
The centaur barely misses you. The orc completely misses you.
You barely miss the centaur.
The centaur is moderately wounded.
The centaur hits you. The centaur misses you.
You take 2 damage, and have 31/44 hp.
You hit the centaur.
The centaur is moderately wounded.
The orc misses you. The centaur closely misses you.
You hit the centaur.
The centaur is moderately wounded.
The orc hits you with a short sword of speed.
The centaur hits you!
You take 11 damage, and have 21/44 hp.
O_OOPS!!
MASSIVE DAMAGE!!
You hit the centaur.
The centaur is heavily wounded.
The centaur barely misses you. The orc closely misses you.
You hit the centaur but do no damage.
The centaur is heavily wounded.
Your skin stops crawling.
You feel less resistant to hostile enchantments.
The centaur completely misses you. The orc misses you.
You hit the centaur.
The centaur is severely wounded.
The centaur closely misses you. The orc completely misses you.
You hit the centaur.
The centaur is almost dead.
The centaur closely misses you.
The orc hits you with a short sword of speed.
You take 2 damage, and have 20/44 hp.
You hit the centaur but do no damage.
The centaur is almost dead.
The centaur hits you!
* * * LOW HITPOINT WARNING * * *
The orc hits you with a short sword of speed.
* * * LOW HITPOINT WARNING * * *
You take 9 damage, and have 11/44 hp.
O_OOPS!!
MASSIVE DAMAGE!!
You hit the centaur but do no damage.
The centaur is almost dead.
The centaur hits you.
* * * LOW HITPOINT WARNING * * *
You take 1 damage, and have 10/44 hp.
Unknown command.
You hit the centaur.
The centaur is almost dead.
The centaur closely misses you. The orc misses you.
You hit the centaur but do no damage.
The centaur is almost dead.
The centaur hits you.
* * * LOW HITPOINT WARNING * * *
The orc hits you but does no damage. The centaur closely misses you.
You take 4 damage, and have 6/44 hp.
You hit the centaur but do no damage.
The centaur is almost dead.
The orc hits you with a short sword of speed.
* * * LOW HITPOINT WARNING * * *
The centaur hits you.
You die...

.████...!.█ ........█
$[.....█ █o....█ █.)...█
█.(...█ ██(....█
████████████c....$█
█████.█...██...@o......█
█.█...█..................
██)).(............███.....
█.......█████....█ ███..
██.......███.....█ ██
█..>.>..........██
█........[<......█
████.....████████...█
██.......█ █


You could see a centaur and an orc.

Vanquished Creatures
  A scorpion (D:4)
  3 wights (D:3)
  A crimson imp (D:5)
  An orc priest (D:6)
  A hound (D:4)
  3 worker ants
  A hound skeleton (D:4)
  7 adders
  2 oozes
  2 worms
  14 orcs
  6 hobgoblins
  A ball python (D:4)
  8 bats
  3 giant cockroaches
  A giant gecko skeleton (D:4)
  3 giant newts
  5 goblins
  10 kobolds
  A quokka zombie (D:5)
  7 rats
81 creatures vanquished.

Notes
Turn   | Place    | Note
--------------------------------------------------------------
     0 | D:1      | Goblin1989 the Kobold Berserker began the quest for the Orb.
     0 | D:1      | Reached XP level 1. HP: 14/14 MP: 1/1
    59 | D:1      | Reached skill level 1 in Stealth
    85 | D:1      | Reached XP level 2. HP: 13/19 MP: 2/2
   905 | D:2      | Reached XP level 3. HP: 24/24 MP: 3/3
   956 | D:2      | Reached ** piety under Trog
  1665 | D:2      | Reached XP level 4. HP: 7/29 MP: 4/4
  2121 | D:2      | Reached skill level 5 in Short Blades
  2356 | D:3      | Reached XP level 5. HP: 33/33 MP: 5/5
  2578 | D:3      | Reached skill level 6 in Short Blades
  2721 | D:3      | Found a bloodstained altar of Trog.
  2749 | D:3      | Reached XP level 6. HP: 39/39 MP: 6/6
  3154 | D:3      | Noticed Goblin1989's ghost (amateur KoBe)
  3410 | D:4      | Found a staircase to the Ecumenical Temple.
  3855 | D:4      | Found Okizes's Assorted Antiques.
  4298 | D:4      | Goblin1989: !lg . kobe 1 -log
  4298 | D:4      | beem: 1/28. Goblin1989, XL27 KoBe, T:102265: http://crawl.berotato.org/crawl/morgue/Goblin1989/morgue-Goblin1989-20150809-003214.txt
  4368 | D:5      | Entered Level 5 of the Dungeon
  4379 | D:5      | Found Ebla's Distillery.
  4384 | D:5      | Bought a potion of curing for 45 gold pieces
  4384 | D:5      | Bought a potion of heal wounds for 75 gold pieces
  4384 | D:5      | Bought a potion of degeneration for 15 gold pieces
  4384 | D:5      | Bought a potion of poison for 15 gold pieces
  4409 | D:5      | Reached XP level 7. HP: 44/44 MP: 7/7
  4427 | D:5      | Found Archisot's Armour Shop.
  4453 | D:5      | Reached skill level 7 in Short Blades
  4730 | D:6      | Reached skill level 5 in Fighting
  4773 | D:6      | HP: 2/44 [centaur (9)]
  4787 | D:6      | HP: 1/44 [orc/short sword of speed (5)]
  4787 | D:6      | Slain by a centaur

Action                   |  1- 3 |  4- 6 |  7- 9 || total
-------------------------+-------+-------+-------++-------
Melee: Short sword       |   109 |   195 |   107 ||   411
Invok: Berserk           |     4 |     6 |     2 ||    12
       Trog's Hand       |     1 |     2 |     3 ||     6
  Use: Scroll            |       |       |     1 ||     1
       Potion            |       |       |     1 ||     1
 Stab: Sleeping          |     4 |     9 |       ||    13
  Eat: Chunk             |    11 |    17 |     6 ||    34

Vault maps used:
D:1:      lemuel_arrival_river_ford
D:2:      serial_curves, eino_curves_04, eino_curves_04, first_bread
D:3:      grunt_temple_overflow_opulence, trog_book
D:4:      minmay_temple_entry_glassed_door, serial_shops,
          nicolae_shop_overgrown_old_shop, kennysheep_pointless_box
D:5:      grunt_temple_overflow_order_and_chaos_1, serial_shops, shop,
          kennysheep_little_box, shop, shop
D:6:      nicolae_ossuary_entry_ruins
